 Dungeon Crawl Stone Soup version 0.25.0-9-g26727b6 (webtiles) character file.

Game seed: 2865991238031581200

4866 Ousak the Frost Mage (level 10, -4/80 HPs)
             Began as a Black Draconian Ice Elementalist on June 16, 2020.
             Was a Believer of Sif Muna.
             Slain by a hornet zombie (10 damage)
             ... on level 8 of the Dungeon.
             The game lasted 00:11:01 (9761 turns).

Ousak the Frost Mage (DrIE)                         Turns: 9761, Time: 00:11:01

Health: -4/80      AC:  8    Str: 10    XL:     10   Next: 26%
Magic:  19/23      EV: 12    Int: 19    God:    Sif Muna [**....]
Gold:   434        SH:  0    Dex: 12    Spells: 13/28 levels left

rFire    . . .     SeeInvis +   n - +1 dagger (holy)
rCold    . . .     Gourm    .   (no shield)
rNeg     . . .     Faith    .   (armour unavailable)
rPois    .         Spirit   .   (helmet restricted)
rElec    +         Reflect  .   (no cloak)
rCorr    .         Harm     .   y - +0 pair of gloves (curse)
MR       .....                  (no boots)
Stlth    ++........             (no amulet)
HPRegen  0.23/turn              a - ring of see invisible
MPRegen  0.18/turn              (no ring)

@: no status effects
A: breathe lightning, unfitting armour, electricity resistance, cold-blooded, AC
+7
a: Breathe Lightning, Channel Magic, Renounce Religion


You were on level 8 of the Dungeon.
You worshipped Sif Muna.
Sif Muna was pleased with you.
You were not hungry.

You visited 2 branches of the dungeon, and saw 9 of its levels.

You collected 434 gold pieces.

Inventory:

Hand Weapons
 n - a +1 dagger of holy wrath (weapon)
 A - a +2 vorpal morningstar
Armour
 u - a +0 kite shield
 y - a cursed +0 pair of gloves (worn)
Jewellery
 a - a ring of see invisible (left hand)
 r - a cursed -4 ring of intelligence {unknown}
 x - an uncursed ring of protection from magic {unknown}
 z - an uncursed ring of ice {unknown}
 D - an uncursed ring of resist corrosion
Wands
 q - a wand of iceblast (9)
 v - a wand of flame (11)
 F - a wand of disintegration (12)
Scrolls
 c - 8 scrolls of identify {unknown}
 d - a scroll of fear {unknown}
 i - a scroll of blinking {unknown}
 j - 3 scrolls of remove curse {unknown}
 k - a scroll of teleportation {unknown}
 l - a scroll of magic mapping {unknown}
 m - 2 scrolls of amnesia {unknown}
 o - 2 scrolls of immolation {unknown}
 p - a scroll of enchant weapon {unknown}
 w - a scroll of fog {unknown}
 B - 2 scrolls of noise {unknown}
 C - a scroll of enchant armour {unknown}
Potions
 e - 5 potions of curing {unknown}
 f - a potion of stabbing {unknown}
 g - 2 potions of mutation {unknown}
 h - 2 potions of brilliance {unknown}
 s - a potion of berserk rage {unknown}
 t - a potion of lignification {unknown}
Comestibles
 b - 9 rations
 E - 12 chunks of flesh


   Skills:
 + Level 4.4 Fighting
 + Level 3.9 Short Blades
 - Level 1.7 Dodging
 - Level 1.7 Stealth
 + Level 9.9 Spellcasting
 - Level 10.0 Ice Magic


You had 13 spell levels left.
You knew the following spells:

 Your Spells              Type           Power        Failure   Level  Hunger
a - Freeze                Ice            ####         1%          1    None
b - Frozen Ramparts       Ice            #####.       1%          3    None
c - Ozocubu's Armour      Chrm/Ice       ####....     3%          3    None
d - Hailstorm             Conj/Ice       ####....     10%         4    ###....
e - Summon Ice Beast      Ice/Summ       ####....     10%         4    ###....

Your spell library contained the following spells:

 Spells                   Type           Power        Failure   Level  Hunger
 Beastly Appendage        Tmut           #.....       8%          1    None
 Ice Form                 Ice/Tmut       ####....     10%         4    ###....
 Sticks to Snakes         Tmut           #.......     12%         2    None
 Confusing Touch          Hex            #.......     22%         3    None
 Gell's Gravitas          Tloc           #.........   22%         3    None
 Spider Form              Tmut/Pois      #.........   22%         3    None
 Metabolic Englaciation   Hex/Ice        ####......   26%         5    #####..
 Petrify                  Tmut/Erth      #.......     58%         4    ###....
 Blade Hands              Tmut           #.........   91%         5    #####..
 Yara's Violent Unravell  Hex/Tmut       #.........   91%         5    #####..


Dungeon Overview and Level Annotations

Branches:
Dungeon (8/15)             Temple (1/1) D:6
   Lair: D:8-11

Altars:
Ashenzari
Cheibriados
Dithmenos
Elyvilon
Fedhas
Gozag
Hepliaklqana
Kikubaaqudgha
Makhleb
Nemelex Xobeh
Ru
Sif Muna
Trog
Vehumet
Xom
Yredelemnul

Shops:
D:5 %

Annotations:
D:4 3 runed translucent doors, Snicker's ghost, novice DsAs
D:5 2 transporters, Phlounder's ghost, novice TeNe


Innate Abilities, Weirdness & Mutations

You can breathe wild blasts of lightning.
Your glossy black scales are hard. (AC +7)
You cannot fit into any form of body armour.
You are resistant to electric shocks. (rElec)
You are cold-blooded and may be slowed by cold attacks.


Message History

You hit the hornet zombie.
The hornet zombie convulses.
The hornet zombie is almost destroyed.
The hornet zombie hits you.
You closely miss the hornet zombie.
Your tail-slap misses the hornet zombie.
The hornet zombie is almost destroyed.
The hornet zombie hits you!
* * * LOW HITPOINT WARNING * * *
You closely miss the hornet zombie.
The hornet zombie is almost destroyed.
The hornet zombie hits you.
* * * LOW HITPOINT WARNING * * *
A porcupine comes into view.
Casting: Freeze (safe; 1% risk of failure)
Confirm with . or Enter, or press ? or * to list all spells.
A chill wind blows around you. The hornet zombie hits you!
* * * LOW HITPOINT WARNING * * *
The hornet zombie closely misses you. The porcupine misses you.
The hornet zombie hits you!
You die...

#.##.##.#####....#
#.##....# #.)####
#......#####.##
#.##.#.....).#
...##.#######÷#######.#
........# #.))))....#
.......#..#
##.###....##
.|...#.#..#
###..#...##.#
.....#.#..####@r....###
..
######.#..##YZ.#.####
## #....##.###.#
####### #...#..# #..
......###.#†..## ####
.....<..)..†........
(........#..########
......?.##..#
..l..........


You could see a porcupine, a hornet zombie and a friendly ice beast (summoned).

Vanquished Creatures
  A two-headed ogre (D:8)
  Pikel (D:4)
  3 hippogriffs
  Sigmund (D:4)
  An acid dragon (D:8)
  2 slaves (D:4)
  A porcupine (D:8)
  2 orc warriors
  A necrophage (D:7)
  2 ice beasts
  2 phantoms
  7 ogres
  An eye of draining (D:8)
  2 centaurs (D:7)
  A crocodile (D:8)
  A big kobold (D:7)
  2 bullfrogs
  2 scorpions
  A howler monkey (D:6)
  2 crimson imps
  4 orc priests
  7 hounds
  4 orc wizards
  A bullfrog skeleton (D:7)
  Terence (D:3)
  4 iguanas
  3 worker ants
  A hound zombie (D:5)
  A hound skeleton (D:6)
  6 gnolls
  11 adders
  4 oozes
  An adder zombie (D:7)
  2 adder skeletons
  4 worms
  4 dart slugs
  4 leopard geckos
  13 orcs
  4 giant cockroaches
  4 hobgoblins
  9 jackals
  13 kobolds
  3 quokkas
  A ball python (D:5)
  4 bats
  10 frilled lizards
  2 goblins
  A jackal zombie (D:8)
  2 leopard gecko skeletons
  A leopard gecko zombie (D:7)
  4 rats
169 creatures vanquished.

Vanquished Creatures (others)
  A fungus (D:8)
  8 plants (D:8)
9 creatures vanquished.

Grand Total: 178 creatures vanquished

Notes
Turn   | Place    | Note
-------+----------+-------------------------------------------
     0 | D:1      | Ousak the Draconian Ice Elementalist began the quest for
                  | the Orb.
     0 | D:1      | Reached XP level 1. HP: 14/14 MP: 3/3
   331 | D:1      | Reached XP level 2. HP: 20/20 MP: 0/5
  1406 | D:2      | Reached XP level 3. HP: 26/26 MP: 2/6
  1472 | D:2      | Found a faded altar of an unknown god.
  1514 | D:2      | Learned a level 3 spell: Frozen Ramparts
  1554 | D:2      | Reached skill level 5 in Ice Magic
  1819 | D:2      | Reached XP level 4. HP: 33/33 MP: 4/8
  2680 | D:3      | Noticed Terence
  2694 | D:3      | Killed Terence
  2694 | D:3      | Reached XP level 5. HP: 32/39 MP: 4/10
  2787 | D:3      | Reached skill level 1 in Fighting
  3443 | D:4      | Noticed an ogre
  3453 | D:4      | Killed an ogre
  3453 | D:4      | Reached XP level 6. HP: 47/47 MP: 6/12
  3527 | D:4      | Reached skill level 6 in Ice Magic
  3805 | D:4      | Reached skill level 1 in Short Blades
  3922 | D:4      | Noticed Sigmund
  3929 | D:4      | Killed Sigmund
  3929 | D:4      | Reached skill level 5 in Spellcasting
  3929 | D:4      | Your scales start taking on a glossy black colour.
  3929 | D:4      | Reached XP level 7. HP: 31/52 MP: 6/15
  3929 | D:4      | Gained mutation: You are resistant to electric shocks.
                  | (rElec) [Black Draconian growth]
  4481 | D:4      | Noticed Pikel
  4494 | D:4      | Killed Pikel
  4494 | D:4      | Reached skill level 7 in Ice Magic
  4494 | D:4      | Reached XP level 8. HP: 33/60 MP: 7/17
  4711 | D:4      | Found a runed translucent gate.
  4712 | D:4      | Found a runed translucent gate.
  4712 | D:4      | Found a runed translucent gate.
  4712 | D:4      | Noticed Snicker's ghost (novice DsAs)
  4847 | D:4      | Found a burning altar of Makhleb.
  4977 | D:5      | Entered Level 5 of the Dungeon
  4990 | D:5      | Found Duupsiur's Food Shoppe.
  5005 | D:5      | Found a transporter.
  5224 | D:5      | Learned a level 3 spell: Ozocubu's Armour
  5229 | D:5      | Learned a level 4 spell: Hailstorm
  5234 | D:5      | Learned a level 4 spell: Summon Ice Beast
  5643 | D:5      | Found a transporter.
  5647 | D:5      | Noticed Phlounder's ghost (novice TeNe)
  5942 | D:6      | Reached skill level 8 in Ice Magic
  5976 | D:6      | Found a radiant altar of Vehumet.
  6208 | D:6      | Found a staircase to the Ecumenical Temple.
  6278 | Temple   | Entered the Ecumenical Temple
  6285 | Temple   | Became a worshipper of Sif Muna the Loreminder
  6420 | D:6      | Reached XP level 9. HP: 51/68 MP: 12/20
  7136 | D:7      | Reached skill level 9 in Ice Magic
  7466 | D:7      | Reached * piety under Sif Muna
  8114 | D:7      | Found a snail-covered altar of Cheibriados.
  9401 | D:8      | Noticed a two-headed ogre
  9422 | D:8      | Killed a two-headed ogre
  9422 | D:8      | Reached skill level 10 in Ice Magic
  9422 | D:8      | Reached XP level 10. HP: 51/78 MP: 16/23
  9733 | D:8      | Reached ** piety under Sif Muna
  9761 | D:8      | Slain by a hornet zombie

Illustrated notes

Levels and vault maps discovered:
D:1:      psy_arrival_spokes, layout_basic
D:2:      layout_basic, chequers_ecumenical_altar_simple_redux, serial_forest,
          infiniplex_forest_end_2, infiniplex_forest_clump_diagonal,
          infiniplex_forest_lined_2, infiniplex_forest_straight_2,
          infiniplex_forest_lined_3, infiniplex_forest_clump_curved,
          infiniplex_forest_clump_curved, infiniplex_forest_straight_2,
          infiniplex_forest_lined_2, infiniplex_forest_straight_4
D:3:      layout_basic, first_ration, uniq_terence
D:4:      layout_loops_ring, ebering_ghost_rock_garden,
          makhleb_blood_cavern_becter, uniq_sigmund, uniq_pikel
D:5:      layout_cave_pools, gammafunk_ghost_stat_death, serial_shops,
          nicolae_shop_waterfront
D:6:      layout_loops_ring, temple_pool_b, vehumet_altar_wand_db
D:7:      layout_layer_cave, kennysheep_mini
D:8:      layout_rooms, minmay_lair_entry_grove
Temple:   compressed_dpeg_triangle_lava_temple

Skill      XL: |  1  2  3  4  5  6  7  8  9 |
---------------+----------------------------+-----
Ice Magic      | 5 6 7 8 10 | 10.0
Spellcasting   | 3 4 5 6 7 9 |  9.9
Fighting       | 1 2 4 |  4.4
Short Blades   | 1 2 3 |  3.9
Dodging        | |  1.7
Stealth        | |  1.7

Action                   |  1- 3 |  4- 6 |  7- 9 | 10-12 || total
-------------------------+-------+-------+-------+-------++-------
Melee: Unarmed           |    29 |    45 |       |       ||    74
       Tailslap          |     7 |    11 |    15 |     3 ||    36
       Dagger            |       |    26 |   189 |    48 ||   263
 Cast: Freeze            |    38 |    39 |    63 |     5 ||   145
       Frozen Ramparts   |       |    11 |    33 |     5 ||    49
       Summon Ice Beast  |       |       |     4 |     1 ||     5
 Abil: Breathe Lightning |       |       |     2 |       ||     2
 Stab: Sleeping          |     2 |     1 |       |       ||     3
       Distracted        |       |       |     2 |       ||     2
  Eat: Chunk             |     3 |     8 |    16 |       ||    27
       Ration            |       |       |     1 |       ||     1
Armor: Skin              |    17 |    32 |    83 |    13 ||   145
Dodge: Dodged            |    37 |    62 |   147 |    26 ||   272
